 Dungeon Crawl Stone Soup version 0.30-a0-840-ga523dec638 (webtiles) character file.

Game seed: 4459108980826798195

516 ragingrage the Cutter (level 7, -1/50 HPs)
             Began as a Djinni Brigand on Mar 1, 2023.
             Slain by an iguana (12 damage)
             ... on level 4 of the Dungeon.
             The game lasted 00:05:44 (3916 turns).

ragingrage the Cutter (Djinni Brigand)              Turns: 3916, Time: 00:05:45

Health: -1/50      AC:  7    Str: 10    XL:     7   Next: 44%
Gold:   214        EV: 10    Int: 20    God:
                   SH:  0    Dex: 21

rFire   + + .      SeeInvis .    b - +1 short sword (elec)
rCold   x . .      Faith    .    (no shield)
rNeg    + . .      Spirit   .    A - +0 ring mail {rN+}
rPois   ∞          Reflect  .    w - +0 helmet
rElec   .          Harm     .    c - +0 cloak
rCorr   .          Rampage  .    (no gloves)
Will    .....                    (boots unavailable)
Stlth   ++                       (no amulet)
HPRegen 0.28/turn                i - +6 ring of dexterity
MPRegen 0.00/turn                v - +6 ring of intelligence

@: flying
A: sickness immunity, fire resistance 2, cold vulnerability 1, float, innate
caster, HP casting, extra vitality 1
a: no special abilities


You were on level 4 of the Dungeon.
You visited 1 branch of the dungeon, and saw 4 of its levels.

You collected 214 gold pieces.

Inventory:

Hand Weapons
 a - a +3 dagger
 b - a +1 short sword of electrocution (weapon)
 s - the +4 whip "Iqaumef" {drain, rPois rC- rN++ rCorr}
   (You found it on level 3 of the Dungeon)

   rC:        It makes you vulnerable to cold.
   rPois:     It protects you from poison.
   rN:        It greatly protects you from negative energy.
   rCorr:     It protects you from acid and corrosion.
Missiles
 d - 12 poisoned darts (quivered)
 e - 3 curare-tipped darts
Armour
 c - a +0 cloak (worn)
 q - a +0 ring mail
 w - a +0 helmet (worn)
 A - a +0 ring mail of positive energy (worn)
Jewellery
 i - a +6 ring of dexterity (left hand)
 t - a ring of protection from fire
 v - a +6 ring of intelligence (right hand)
Wands
 u - a wand of flame (23)
Scrolls
 f - a scroll of noise {unknown}
 h - a scroll of enchant weapon
 l - a scroll of teleportation
 n - a scroll of immolation
 o - 2 scrolls of magic mapping {unknown}
 p - a scroll of fear {unknown}
 r - a scroll of brand weapon {unknown}
 x - a scroll of vulnerability
 y - a scroll of fog {unknown}
Potions
 g - a potion of lignification
 j - 2 potions of degeneration {unknown}
 k - a potion of curing {unknown}
 m - a potion of heal wounds
 z - a potion of attraction {unknown}
 B - 2 potions of magic {unknown}


   Skills:
 - Level 3.4 Fighting
 * Level 5.6 Short Blades
 - Level 1.5 Throwing
 - Level 1.1 Dodging
 - Level 3.2 Stealth
 + Level 2.2 Spellcasting


You knew the following spells:

 Your Spells              Type           Power      Damage    Failure   Level
a - Foxfire               Conj/Fire      44%        2x1d6     16%         1
b - Ensorcelled Hibernat  Hex/Ice        22%        N/A       24%         2
c - Stone Arrow           Conj/Erth      22%        3d8       43%         3
Your spell library was empty.

Dungeon Overview and Level Annotations

Branches:
Dungeon (4/15)
 Temple: D:4-7

Altars:
Gozag
Okawaru

Annotations:
D:3 1 runed translucent door, exclusion: door, Grinder; Sigmund; hgbash's ghost, amateur OgBe
D:4 exclusion: ogre


Innate Abilities, Weirdness & Mutations

You are immune to sickness and miasma.
You are immune to poison.
Your flesh is very heat resistant. (rF++)
You are vulnerable to cold. (rC-)
You float through the air rather than walking.
You learn spells naturally, not from books.
Your magical power is your life essence.
You have superior vitality. (+4 MHP)


Message History

The iguana moves out of view.
An iguana is nearby!
You throw a poisoned dart.
The poisoned dart barely misses the iguana.
You throw a poisoned dart.
The poisoned dart closely misses the iguana.
The iguana closely misses you.
You hit the iguana but do no damage. The iguana bites you.
You closely miss the iguana. You hit the iguana. The iguana closely misses you.
You hit the iguana but do no damage.
The iguana hisses menacingly.
The iguana bites you!
You are too injured to fight recklessly!
You barely miss the iguana.
You are too injured to fight recklessly!
You hit the iguana. The iguana barely misses you.
You hit the iguana. The iguana bites you!
You hit the iguana. The iguana bites you.
You barely miss the iguana.
Throw: 14 darts (poison)
Aim: an iguana (heavily wounded, 66% to hit)
You throw a poisoned dart. The poisoned dart hits the iguana.
The iguana is poisoned.
The iguana bites you!
Throw: 13 darts (poison)
Aim: an iguana (heavily wounded, poisoned, 66% to hit)
You throw a poisoned dart. The poisoned dart hits the iguana.
The iguana looks even sicker.
The iguana barely misses you.
You hit the iguana. The iguana barely misses you.
You closely miss the iguana.
The iguana bites you but does no damage.
You hit the iguana but do no damage. The iguana bites you.
* * * LOW HITPOINT WARNING * * *
You hit the iguana. You hit the iguana. The iguana bites you.
* * * LOW HITPOINT WARNING * * *
You hit the iguana but do no damage. The iguana bites you!
You die...

)...##.. .....................
................................o
....#....................##.....#
)####...........((....#######.###
)# ................# #.#
.####.................# #.#
.....................## #.#
.####...........l....# #....
).###..... #..@..# #....
#.......# #...###.# ###....
#..###.#########.###.# #......
............)........# #.####.
..#.##.#######..###..# #.# ...
.......# ###...## #..# ##.#..##
##...#####...### #..#####....#
###...#....### #..........##
###...#.#### #...###.####


You could see an iguana (poisoned).

Vanquished Creatures
  Pargi (D:4)
  An ogre (D:4)
  A scorpion (D:4)
  Jessica (D:2)
  Terence (D:2)
  2 iguanas (D:4)
  An orc wizard (D:4)
  Robin (D:4)
  2 adders (D:2)
  3 gnolls (D:4)
  3 worms
  3 dart slugs
  10 orcs (D:4)
  8 endoplasms
  3 giant cockroaches
  9 goblins (D:4)
  6 hobgoblins
  5 quokkas
  A ball python (D:4)
  2 bats
  4 frilled lizards
  10 kobolds
  A rat (D:2)
79 creatures vanquished.

Vanquished Creatures (others)
  5 plants (D:4)
5 creatures vanquished.

Grand Total: 84 creatures vanquished

Notes
Turn   | Place    | Note
-------+----------+-------------------------------------------
     0 | D:1      | ragingrage the Djinni Brigand began the quest for the Orb.
     0 | D:1      | Reached XP level 1. HP: 18/18 MP: 0/0
    88 | D:1      | Found a faded altar of an unknown god.
   267 | D:1      | Reached skill level 2 in Short Blades
   267 | D:1      | Reached XP level 2. HP: 23/23 MP: 0/0
   678 | D:1      | Reached XP level 3. HP: 29/29 MP: 0/0
   678 | D:1      | Learned a level 1 spell: Foxfire
   872 | D:2      | Found an opulent altar of Gozag.
  1198 | D:2      | Reached XP level 4. HP: 35/35 MP: 0/0
  1224 | D:2      | Noticed Jessica
  1237 | D:2      | Killed Jessica
  1238 | D:2      | Reached skill level 3 in Short Blades
  1976 | D:3      | Noticed Terence
  2108 | D:3      | Found an iron altar of Okawaru.
  2170 | D:3      | Noticed Grinder
  2240 | D:2      | Killed Terence
  2241 | D:2      | Reached XP level 5. HP: 35/40 MP: 0/0
  2241 | D:2      | Learned a level 2 spell: Ensorcelled Hibernation
  2496 | D:4      | Noticed an ogre
  2935 | D:4      | Noticed Robin
  2942 | D:4      | Killed Robin
  3184 | D:3      | Found a runed translucent door.
  3197 | D:3      | Identified the +4 whip "Iqaumef" {drain, rPois rC- rN++
                  | rCorr}
  3272 | D:3      | Noticed hgbash's ghost (amateur OgBe)
  3272 | D:3      | Noticed an ice beast
  3308 | D:3      | Noticed Sigmund
  3373 | D:4      | Reached skill level 4 in Short Blades
  3396 | D:4      | Reached skill level 1 in Spellcasting
  3396 | D:4      | Reached XP level 6. HP: 15/46 MP: 0/0
  3615 | D:4      | Noticed Pargi
  3670 | D:4      | Killed Pargi
  3671 | D:4      | Reached skill level 5 in Short Blades
  3686 | D:4      | Reached XP level 7. HP: 47/50 MP: 0/0
  3686 | D:4      | Learned a level 3 spell: Stone Arrow
  3916 | D:4      | Slain by an iguana

Illustrated notes

Levels and vault maps discovered:
D:1:      heliophobic_arrival_battle_scene, layout_loops_ring,
          chequers_ecumenical_altar_simple
D:2:      layout_loops_ring, basic_altar, uniq_jessica
D:3:      layout_basic, mainiacjoe_overflow_six_doors_small,
          ebering_ghost_inner_flame, grunt_ministairs_11,
          kennysheep_generic_room_13, uniq_grinder, uniq_sigmund, uniq_terence
D:4:      cheibrodos_old_hovel, layout_rooms, uniq_pargi, uniq_robin

Skill      XL: |  1  2  3  4  5  6  7 |
---------------+----------------------+-----
Short Blades   | 2 3 4 5 |  5.6
Fighting       | 3 |  3.4
Spellcasting   | 1 2 |  2.2
Throwing       | |  1.5
Dodging        | |  1.1
Stealth        | |  3.2

Action                     |  1- 3 |  4- 6 |  7- 9 || total
---------------------------+-------+-------+-------++-------
  Melee: Dagger            |   104 |    55 |       ||   159
         Punch             |     1 |     1 |       ||     2
         Short sword       |       |    82 |    34 ||   116
  Throw: Dart              |     2 |    16 |    11 ||    29
    Use: Scroll            |       |     5 |       ||     5
         Potion            |       |     1 |       ||     1
   Stab: Sleeping          |     6 |     4 |       ||    10
 Armour: Robe              |    26 |       |       ||    26
         Ring mail         |       |    25 |     5 ||    30
  Dodge: Dodged            |    47 |    57 |     8 ||   112

Table legend: (Time is in decaauts)
 A = Elapsed time spent in this place.
 B = Non-inter-level travel time spent in this place.
 C = Inter-level travel time spent in this place.
 D = Time resting spent in this place.
 E = Time spent auto-exploring this place.
 F = Levels seen in this place.
 G = Mean time per level.
                   A        B        C        D        E       F      G
               +--------+--------+--------+--------+--------+-----+--------+
         Total |   3866 |   3507 |    359 |    971 |   1701 |   4 |  966.5 |
       Dungeon |   3866 |   3507 |    359 |    971 |   1701 |   4 |  966.5 |
               +--------+--------+--------+--------+--------+-----+--------+

Top non-repeatable levels by time:
     D:4: 1308 daAuts
     D:2: 1106 daAuts
     D:1: 955 daAuts
     D:3: 496 daAuts
